 Dungeon Crawl Stone Soup version 0.30-a0-142-g7370640ec8 (webtiles) character file.

Game seed: 7509977637978317373

1525 qw the Cleaver (level 8, -6/51 HPs)
             Began as a Gargoyle Fighter on Sept 25, 2022.
             Engulfed by a cloud of steam (8 damage)
             ... on level 7 of the Dungeon.
             The game lasted 00:02:12 (6893 turns).

qw the Cleaver (Gargoyle Fighter)                   Turns: 6893, Time: 00:02:13

Health: -6/51      AC: 21    Str: 27    XL:     8   Next: 84%
Magic:  8/8        EV:  7    Int: 10    God:
Gold:   266        SH:  4    Dex:  9    Spells: 7/7 levels left

rFire   . . .      SeeInvis .    Y - +0 war axe
rCold   . . .      Faith    .    c - +0 buckler
rNeg    + . .      Spirit   .    a - +0 plate armour
rPois   inf        Reflect  .    i - +2 hat
rElec   +          Harm     .    (no cloak)
rCorr   .          Rampage  .    (no gloves)
Will    .....                    k - +1 pair of boots
Stlth   ..........               (no amulet)
HPRegen 0.17/turn                p - +6 ring of strength
MPRegen 0.11/turn                (no ring)

@: no status effects
A: sickness immunity, AC +5, negative energy resistance 1, electricity
resistance, torment resistance 1, petrification resistance
a: no special abilities


You were on level 7 of the Dungeon.
You visited 1 branch of the dungeon, and saw 7 of its levels.

You collected 413 gold pieces.
You spent 147 gold pieces at shops.


Innate Abilities, Weirdness & Mutations

You are immune to sickness and miasma.
Your stone body is resilient. (AC +5)
You are immune to poison.
You resist negative energy. (rN+)
You are resistant to electric shocks. (rElec)
You are resistant to unholy torment.
You are immune to petrification.


   Skills:
 - Level 6.1 Fighting
 - Level 8.4 Axes
 - Level 1.3 Throwing
 + Level 4.0 Armour
 - Level 1.2 Dodging
 - Level 3.2 Shields


You had 7 spell levels left.
You didn't know any spells.
Your spell library was empty.

Inventory:

Hand Weapons
 r - a +0 morningstar
 Y - a +0 war axe (weapon)
Armour
 a - a +0 plate armour (worn)
 c - a +0 buckler (worn)
 i - a +2 hat (worn)
 k - a +1 pair of boots (worn)
Jewellery
 p - a +6 ring of strength (left hand)
Scrolls
 n - a scroll of identify
Potions
 b - 2 potions of mutation
 d - 5 potions of might
 g - a potion of resistance
 m - a potion of curing
 o - a potion of lignification {unknown}

Dungeon Overview and Level Annotations

Branches:
Dungeon (7/15)
 Temple: D:4-7

Altars:
Dithmenos
Fedhas
Gozag
Hepliaklqana
Vehumet
The Shining One

Shops:
D:3 :*   D:4 [   D:6 [


Message History

The orc hits you but does no damage. You block the steam dragon's attack.
The steam dragon claws you.
You barely miss the phantom.
The phantom is almost destroyed.
You barely miss the orc. You barely miss the steam dragon.
The phantom hits you but does no damage.
The orc barely misses you. The steam dragon closely misses you.
The steam dragon barely misses you.
You hit the phantom.
The phantom is almost destroyed.
You slash the steam dragon! You barely miss the orc.
The phantom hits you but does no damage.
The orc hits you but does no damage. The steam dragon breathes steam at you.
The ball of steam hits you!
A water moccasin comes into view.
You closely miss the phantom.
The phantom is almost destroyed.
You hit the orc. You slash the steam dragon!
You are engulfed in a cloud of scalding steam.
The phantom hits you but does no damage.
The steam dragon bites you.
The steam dragon claws you but does no damage.
The orc barely misses you.
You barely miss the steam dragon.
The steam dragon is almost dead.
You hit the orc but do no damage. You hit the phantom.
You are engulfed in a cloud of scalding steam.
The steam dragon bites you but does no damage.
The steam dragon barely misses you. The orc hits you with a +0 war axe.
The phantom hits you but does no damage.
An orc comes into view. It is wielding a +0 falchion.
The steam dragon bites you but does no damage.
The steam dragon claws you but does no damage.
The phantom hits you.
You slash the steam dragon!
You kill the steam dragon!
You closely miss the orc warrior. You closely miss the phantom.
You are engulfed in a cloud of scalding steam.
You die...

# ###. ...### #....
#..S.
..#...o#################
.....o)@¤..¤.....<......
......W###############.#
....... #.# ....... #.#
....... #.# #<..... #.#
#..#.#. #######.#
#..#o#. #.).....#
#.#######


You could see an orc warrior, a water moccasin, a phantom and 2 orcs.

Vanquished Creatures
  Maggie (D:6)
  Grinder (D:4)
  A steam dragon (D:7)
  A black bear (D:5)
  2 bullfrogs (D:6)
  2 scorpions (D:4)
  3 wights (D:7)
  4 hounds (D:5)
  4 orc priests
  An iguana (D:4)
  Jessica (D:2)
  3 orc wizards
  7 adders
  3 ufetubi
  3 worms
  2 dart slugs
  15 orcs
  4 ball pythons
  7 endoplasms
  6 giant cockroaches
  12 goblins
  6 hobgoblins
  3 jackals (D:3)
  3 quokkas
  3 bats
  2 frilled lizards
  8 kobolds
  4 rats
112 creatures vanquished.

Vanquished Creatures (others)
  18 plants
18 creatures vanquished.

Grand Total: 130 creatures vanquished

Notes
Turn   | Place    | Note
-------+----------+-------------------------------------------
     0 | D:1      | qw the Gargoyle Fighter began the quest for the Orb.
     0 | D:1      | Reached XP level 1. HP: 14/14 MP: 1/1
     0 | D:1      | 0 ||| qw: Version: 0.2-a-10-g399e6c4
     0 | D:1      | 0 ||| qw: Game counter: 427
     0 | D:1      | 0 ||| qw: Always use a shield: true
     0 | D:1      | 0 ||| qw: God list: Okawaru
     0 | D:1      | 0 ||| qw: Allow faded altars: false
     0 | D:1      | 0 ||| qw: Do Orc after D:15 true
     0 | D:1      | 0 ||| qw: Do second Lair branch before Depths: true
     0 | D:1      | 0 ||| qw: Lair rune preference: random
     0 | D:1      | 0 ||| qw: Plans: Normal, Zot:1-4, God:TSO, Crypt, Tomb,
                  | Pan, Slime:5, Hells, Abyss, Orb
     0 | D:1      | 0 ||| PLANNING D:1-11
    38 | D:1      | Reached skill level 2 in Axes
   190 | D:1      | Reached XP level 2. HP: 19/19 MP: 2/2
   198 | D:1      | 198 ||| Stepping ~*~*~tactically~*~*~ (stealth).
   363 | D:1      | 363 ||| Stepping ~*~*~tactically~*~*~ (stealth).
   364 | D:1      | 364 ||| Stepping ~*~*~tactically~*~*~ (stealth).
   374 | D:1      | 374 ||| Stepping ~*~*~tactically~*~*~ (stealth).
   593 | D:1      | Reached skill level 3 in Axes
   646 | D:1      | 646 ||| Stepping ~*~*~tactically~*~*~ (stealth).
   654 | D:1      | Reached XP level 3. HP: 22/23 MP: 3/3
   874 | D:1      | 874 ||| UPGRADING to +2 hat.
   879 | D:1      | 879 ||| READING scroll labelled GYETIYMIDY.
   980 | D:1      | 980 ||| READING scroll labelled BIAR DOZXISIM.
   981 | D:1      | 981 ||| READING scroll labelled PUCIK ITYXESSERR.
  1016 | D:2      | 1016 ||| Stepping ~*~*~tactically~*~*~ (stealth).
  1091 | D:2      | Found a faded altar of an unknown god.
  1364 | D:2      | 1364 ||| Stepping ~*~*~tactically~*~*~ (stealth).
  1374 | D:2      | Reached XP level 4. HP: 28/28 MP: 4/4
  1445 | D:2      | Noticed Jessica
  1446 | D:2      | 1446 ||| Stepping ~*~*~tactically~*~*~ (hiding).
  1447 | D:2      | 1447 ||| Stepping ~*~*~tactically~*~*~ (hiding).
  1448 | D:2      | 1448 ||| Stepping ~*~*~tactically~*~*~ (hiding).
  1452 | D:2      | Killed Jessica
  1453 | D:2      | Reached skill level 4 in Axes
  1750 | D:2      | 1750 ||| UPGRADING to +0 plate armour.
  1760 | D:2      | 1760 ||| DROPPING +0 scale mail.
  1761 | D:2      | 1761 ||| UPGRADING to +0 pair of boots.
  1766 | D:2      | 1766 ||| READING scroll labelled OCUPOQ WEEHI.
  1767 | D:2      | 1767 ||| READING scroll labelled QASTOK LUTAEMO.
  1768 | D:2      | 1768 ||| READING scroll labelled SIUCUCUOCA.
  1769 | D:2      | 1769 ||| DRINKING 2 brown potions.
  1770 | D:2      | 1770 ||| DROPPING potion of flight.
  1837 | D:3      | 1837 ||| Stepping ~*~*~tactically~*~*~ (stealth).
  1926 | D:3      | Found Uqexer's Book Boutique.
  1999 | D:3      | Found an opulent altar of Gozag.
  2039 | D:3      | Found Gata's Assorted Antiques.
  2042 | D:3      | 2042 ||| BUYING clear potion (27 gold).
  2042 | D:3      | Bought a clear potion for 27 gold pieces
  2042 | D:3      | 2042 ||| BUYING scroll labelled HEROADWUETZ (30 gold).
  2042 | D:3      | Bought a scroll labelled HEROADWUETZ for 30 gold pieces
  2042 | D:3      | 2042 ||| BUYING scroll labelled HEROADWUETZ (30 gold).
  2042 | D:3      | Bought a scroll labelled HEROADWUETZ for 30 gold pieces
  2042 | D:3      | 2042 ||| BUYING scroll labelled HISAUBR LOQIUH (30 gold).
  2042 | D:3      | Bought a scroll labelled HISAUBR LOQIUH for 30 gold pieces
  2042 | D:3      | 2042 ||| BUYING scroll labelled RUDUFIM LUDODGH (30 gold).
  2042 | D:3      | Bought a scroll labelled RUDUFIM LUDODGH for 30 gold pieces
  2042 | D:3      | 2042 ||| SHOPLISTING silvery potion (27 gold, have 21).
  2599 | D:3      | Reached XP level 5. HP: 32/32 MP: 5/5
  2617 | D:3      | Reached skill level 5 in Axes
  2821 | D:3      | 2821 ||| DROPPING +0 club.
  2822 | D:3      | 2822 ||| DROPPING +0 whip.
  2932 | D:3      | Found a glowing golden altar of the Shining One.
  3069 | D:3      | 3069 ||| UPGRADING to +6 ring of strength.
  3070 | D:3      | 3070 ||| READING scroll labelled QUDELI PYJUSA.
  3071 | D:3      | 3071 ||| READING 2 scrolls labelled HEROADWUETZ.
  3075 | D:3      | 3075 ||| READING scroll labelled HISAUBR LOQIUH.
  3130 | D:3      | 3130 ||| READING 2 scrolls labelled RUDUFIM LUDODGH.
  3422 | D:4      | 3422 ||| Stepping ~*~*~tactically~*~*~ (stealth).
  3442 | D:4      | 3442 ||| Stepping ~*~*~tactically~*~*~ (stealth).
  3582 | D:4      | Reached XP level 6. HP: 39/39 MP: 6/6
  3715 | D:4      | Noticed Grinder
  3721 | D:4      | Paralysed by Grinder for 4 turns
  3728 | D:4      | Paralysed by Grinder for 3 turns
  3736 | D:4      | Killed Grinder
  3737 | D:4      | Reached skill level 6 in Axes
  3737 | D:4      | Reached XP level 7. HP: 29/44 MP: 7/7
  3977 | D:4      | Found Fololih's Antique Armour Shoppe.
  3986 | D:4      | Reached skill level 1 in Dodging
  3992 | D:4      | 3992 ||| SHOPLISTING embroidered cloak (172 gold, have 84).
  3992 | D:4      | 3992 ||| SHOPLISTING shiny chain mail (172 gold, have 84).
  4174 | D:4      | 4174 ||| READING 2 scrolls of identify.
  4174 | D:4      | 4174 ||| IDENTIFYING emerald potion
  4223 | D:5      | Entered Level 5 of the Dungeon
  4225 | D:5      | Found a blossoming altar of Fedhas.
  4226 | D:5      | Found a radiant altar of Vehumet.
  4426 | D:5      | Found a hazy altar of Hepliaklqana.
  4520 | D:5      | Reached skill level 7 in Axes
  4754 | D:5      | 4754 ||| FLEEEEING.
  4755 | D:5      | 4755 ||| FLEEEEING.
  4756 | D:5      | 4756 ||| FLEEEEING.
  4767 | D:5      | 4767 ||| FLEEEEING.
  4772 | D:5      | 4772 ||| FLEEEEING.
  4773 | D:5      | 4773 ||| FLEEEEING.
  4774 | D:5      | 4774 ||| FLEEEEING.
  4775 | D:5      | 4775 ||| FLEEEEING.
  4776 | D:5      | 4776 ||| FLEEEEING.
  4777 | D:5      | 4777 ||| FLEEEEING.
  4778 | D:5      | 4778 ||| FLEEEEING.
  4779 | D:5      | 4779 ||| FLEEEEING.
  4780 | D:5      | 4780 ||| FLEEEEING.
  4781 | D:5      | 4781 ||| FLEEEEING.
  4782 | D:5      | 4782 ||| FLEEEEING.
  4783 | D:5      | 4783 ||| FLEEEEING.
  4789 | D:5      | 4789 ||| FLEEEEING.
  4790 | D:5      | 4790 ||| FLEEEEING.
  4791 | D:5      | 4791 ||| FLEEEEING.
  4792 | D:5      | 4792 ||| FLEEEEING.
  4793 | D:5      | 4793 ||| FLEEEEING.
  4794 | D:5      | 4794 ||| FLEEEEING.
  4795 | D:5      | 4795 ||| STAIRDANCE
  4893 | D:4      | 4893 ||| READING scroll labelled LAREFE KONAJ.
  4894 | D:4      | 4894 ||| DRINKING 3 clear potions.
  4895 | D:4      | 4895 ||| DRINKING 2 red potions.
  5000 | D:4      | 5000 ||| READING 2 scrolls of identify.
  5000 | D:4      | 5000 ||| IDENTIFYING pink potion
  5001 | D:4      | 5001 ||| DROPPING 2 potions of brilliance.
  5002 | D:4      | 5002 ||| DROPPING potion of berserk rage.
  5135 | D:5      | 5135 ||| Stepping ~*~*~tactically~*~*~ (hiding).
  5218 | D:5      | 5218 ||| Stepping ~*~*~tactically~*~*~ (stealth).
  5220 | D:5      | 5220 ||| Stepping ~*~*~tactically~*~*~ (hiding).
  5230 | D:5      | Reached XP level 8. HP: 37/49 MP: 8/8
  5374 | D:5      | 5374 ||| READING scroll labelled MIYPRI TAYTZ.
  5401 | D:6      | Reached skill level 1 in Throwing
  5476 | D:6      | Noticed Maggie
  5487 | D:6      | HP: 11/49 [Maggie/bolt of fire (18)]
  5488 | D:6      | 5488 ||| READING 2 scrolls of teleportation.
  5489 | D:6      | HP: 4/49 [Maggie/+0 morningstar (8)]
  5894 | D:6      | HP: 11/49 [Maggie/puff of flame (4)]
  5895 | D:6      | 5895 ||| READING scroll of teleportation.
  5898 | D:6      | Killed Maggie
  5899 | D:6      | Reached skill level 8 in Axes
  6185 | D:6      | Noticed a yak
  6526 | D:6      | Found Midd's Armour Emporium.
  6531 | D:6      | 6531 ||| SHOPLISTING +0 crystal plate armour (880 gold,
                  | have 266).
  6532 | D:6      | Found a shadowy altar of Dithmenos.
  6694 | D:6      | 6694 ||| READING 2 scrolls labelled GAXTAGGIHA.
  6695 | D:6      | 6695 ||| READING scroll of enchant armour.
  6695 | D:6      | 6695 ||| ENCHANTING +0 pair of boots.
  6696 | D:6      | 6696 ||| READING 3 scrolls of identify.
  6696 | D:6      | 6696 ||| IDENTIFYING sedimented blue potion
  6697 | D:6      | 6697 ||| READING 2 scrolls of identify.
  6697 | D:6      | 6697 ||| IDENTIFYING smoky black potion
  6698 | D:6      | 6698 ||| DROPPING potion of degeneration.
  6774 | D:7      | Reached skill level 6 in Fighting
  6892 | D:7      | HP: 7/51 [orc/+0 war axe (6)]
  6892 | D:7      | HP: 2/51 [phantom (5)]
  6893 | D:7      | Engulfed by a cloud of steam

Levels and vault maps discovered:
D:1:      scummos_arrival_gate, layout_rooms, chequers_garden,
          serial_bayou_pond_c
D:2:      layout_loops_cross, hellmonk_ecumenical_altar_lost_god, uniq_jessica
D:3:      layout_basic, nicolae_gozag_cash_rules_everything_around_me,
          mainiacjoe_overflow_alcove_4, serial_shops,
          nicolae_shop_temple_entry_statues_fountains, nicolae_shop_behind_doors
D:4:      layout_basic, serial_shops, nicolae_shop_hallway_plus, uniq_grinder
D:5:      layout_cave_pools, grunt_temple_overflow_open,
          nicolae_hepliaklqana_hazy_memory, grunt_ministairs_9,
          kennysheep_generic_room_2
D:6:      nicolae_cairo_tiling, layout_basic, overflow_temple_1_default,
          serial_shops, shop, lightli_corner_chamber, uniq_maggie
D:7:      layout_basic, mainiacjoe_overflow_paths,
          minmay_temple_entry_nine_rooms, minmay_mini_ossuary

Skill      XL: |  1  2  3  4  5  6  7  8 |
---------------+-------------------------+-----
Axes           | 2 3 4 5 6 7 8 |  8.4
Fighting       | 4 5 6 |  6.1
Dodging        | 1 |  1.2
Armour         | 4 |  4.0
Throwing       | 1 |  1.3
Shields        | |  3.2

Action                   |  1- 3 |  4- 6 |  7- 9 || total
-------------------------+-------+-------+-------++-------
Melee: War axe           |   106 |   153 |   172 ||   431
Throw: Boomerang         |       |       |     6 ||     6
  Use: Scroll            |     3 |     7 |    10 ||    20
       Potion            |       |     1 |     2 ||     3
Armor: Scale mail        |    57 |     2 |       ||    59
       Plate armour      |       |   120 |   146 ||   266
Dodge: Dodged            |    40 |    48 |    62 ||   150
Block: Buckler           |    25 |    29 |    24 ||    78

Table legend:
 A = Non-vault XP
 B = Vault XP
 C = Vault XP percentage of total XP
 D = Non-vault monster count
 E = Vault monster count
 F = Vault count percentage of total count
                 A         B        C        D         E       F
            +---------+---------+-------+---------+---------+-------
      Total |    1529 |     837 |  35.4 |     101 |      11 |   9.8
            +---------+---------+-------+---------+---------+-------
        D:1 |      40 |       0 |   0.0 |      21 |       0 |   0.0
        D:2 |      48 |      37 |  43.5 |      14 |       1 |   6.7
        D:3 |     131 |       0 |   0.0 |      22 |       0 |   0.0
        D:4 |     262 |     277 |  51.4 |      18 |       1 |   5.3
        D:5 |     335 |     108 |  24.4 |      12 |       8 |  40.0
        D:6 |     295 |     415 |  58.5 |       8 |       1 |  11.1
        D:7 |     418 |       0 |   0.0 |       6 |       0 |   0.0
            +---------+---------+-------+---------+---------+-------
